[Event "Hungarian Rapid-ch 2022"]
[Site "Ajka"]
[Date "2022.07.16"]
[Round "8.9"]
[White "Bagi, Mate"]
[Black "Papp, Bence"]
[Result "1-0"]
[ECO "C48"]
[WhiteElo "2460"]
[BlackElo "2244"]
[Annotator "ChessBase"]
[PlyCount "135"]
[EventDate "2022.07.15"]
[EventType "swiss"]
[EventCountry "HUN"]
[SourceTitle "playchess.com"]
[Source "ChessBase"]
[SourceQuality "1"]
[TimeControl "900+10"]

1. e4 e5 2. Nf3 Nf6 3. Nc3 Nc6 4. Bb5 Nd4 5. Bc4 Bc5 6. d3 d6 7. Na4 Bg4 8. Nxc5 Bxf3 9. gxf3 dxc5 10. c3 Ne6 11. Qb3 Qc8 12. Rg1 O-O 13. Be3 b6 14. O-O-O Nf4 15. Bxf4 exf4 16. e5 Ne8 17. e6 Nd6 18. exf7+ Kh8 19. Bd5 Rb8 20. Rg5 Qd8 21. Rdg1 Qf6 22. Rxg7 Qxg7 23. Rxg7 Kxg7 24. Qa4 Nxf7 25. Qxf4 Rbd8 26. Be4 Rd6 27. Qg3+ Kh8 28. Qh4 Nh6 29. Qe7 Rf7 30. Qe8+ Kg7 31. Qe5+ Rdf6 32. Bd5 Rd7 33. Be4 Rdf7 34. a4 a5 35. Kc2 Ng8 36. h4 Re7 37. Qg5+ Kf8 38. h5 Rg7 39. Qd5 Re7 40. Kb3 Rd6 41. Qf5+ Rf6 42. Qc8+ Kg7 43. Bd5 Nh6 44. Qh3 Rf5 45. Be4 Rg5 46. Qh4 Ree5 47. f4 Rg4 48. Qd8 Rxf4 49. Qxc7+ Nf7 50. Bd5 Ref5 51. Bxf7 Rxf7 52. Qxb6 R7f5 53. h6+ Kf7 54. Qc7+ Kg6 55. Qg7+ Kh5 56. Qxh7 Rf6 57. Qc7 Kxh6 58. Qxc5 R6f5 59. Qb6+ Kg5 60. d4 Rxf2 61. d5 R2f4 62. d6 Rd5 63. d7 Rf8 64. Qe6 Rb8+ 65. Kc2 Rf5 66. Qe7+ Kg4 67. d8=Q Rf2+ 68. Qd2 1-0

[Event "Hungarian Rapid-ch 2022"]
[Site "Ajka"]
[Date "2022.07.16"]
[Round "8.10"]
[White "Egresi, Mate"]
[Black "Korpa, Bence"]
[Result "1/2-1/2"]
[ECO "A40"]
[WhiteElo "2376"]
[BlackElo "2537"]
[Annotator "ChessBase"]
[PlyCount "84"]
[EventDate "2022.07.15"]
[EventType "swiss"]
[EventCountry "HUN"]
[SourceTitle "playchess.com"]
[Source "ChessBase"]
[SourceQuality "1"]
[TimeControl "900+10"]

1. d4 g6 2. c4 Bg7 3. Nc3 e6 4. e4 Ne7 5. Nf3 d5 6. Bg5 f6 7. Be3 dxe4 8. Nxe4 Nf5 9. h4 Nxe3 10. fxe3 f5 11. Nc3 c5 12. Qa4+ Bd7 13. Qb3 cxd4 14. exd4 Nc6 15. O-O-O O-O 16. Kb1 Rc8 17. h5 g5 18. h6 Bf6 19. d5 Na5 20. Qb4 Be7 21. d6 Bf6 22. Bd3 g4 23. Nd2 Nc6 24. Qa3 Ne5 25. Nb3 Nxc4 26. Bxc4 Rxc4 27. Qxa7 b6 28. Rhe1 Qc8 29. Qxb6 Rxc3 30. bxc3 Qxc3 31. Rd2 f4 32. Qc7 Be8 33. Qxc3 Bxc3 34. Rxe6 Bxd2 35. Nxd2 f3 36. gxf3 gxf3 37. Kb2 f2 38. Re7 Bb5 39. d7 Rd8 40. Rg7+ Kf8 41. Rxh7 Rxd7 42. Rxd7 Bxd7 1/2-1/2

[Event "Hungarian Rapid-ch 2022"]
[Site "Ajka"]
[Date "2022.07.16"]
[Round "8.11"]
[White "Tolnai, Tibor"]
[Black "Kolimar, Kristof Pal"]
[Result "1-0"]
[ECO "B40"]
[WhiteElo "2433"]
[BlackElo "2160"]
[Annotator "ChessBase"]
[PlyCount "197"]
[EventDate "2022.07.15"]
[EventType "swiss"]
[EventCountry "HUN"]
[SourceTitle "playchess.com"]
[Source "ChessBase"]
[SourceQuality "1"]
[TimeControl "900+10"]

1. e4 c5 2. Nf3 e6 3. d4 cxd4 4. Nxd4 Qb6 5. Nb3 Qc7 6. f4 d6 7. Nc3 a6 8. Qf3 b5 9. Bd3 Bb7 10. Be3 Nf6 11. a3 Nc6 12. g4 Be7 13. g5 Nd7 14. h4 Nc5 15. Nxc5 dxc5 16. Qf2 O-O-O 17. O-O-O Nd4 18. Rhe1 h6 19. Bf1 hxg5 20. hxg5 g6 21. Kb1 Qb6 22. Bg2 Kb8 23. Rd3 Rd7 24. Red1 Rhd8 25. Ne2 f5 26. gxf6 Bxf6 27. e5 Bh4 28. Qxh4 Bxg2 29. Bxd4 cxd4 30. Qf2 Be4 31. Rxd4 Qc5 32. R1d2 Rxd4 33. Nxd4 Bd5 34. b3 Rc8 35. Qe3 Kb7 36. Kb2 a5 37. Qd3 Kb6 38. Ne2 b4 39. axb4 axb4 40. Qd4 Rh8 41. Nc1 Qxd4+ 42. Rxd4 Kc5 43. Rd2 Rh4 44. Nd3+ Kb5 45. Re2 Rg4 46. c4+ bxc3+ 47. Kxc3 g5 48. fxg5 Rxg5 49. Re3 Rf5 50. Ne1 Rf2 51. Nc2 Rf8 52. Nd4+ Kc5 53. Rg3 Rh8 54. b4+ Kb6 55. Rg6 Rh3+ 56. Kd2 Rh5 57. Nxe6 Rxe5 58. Nd4+ Kb7 59. Rf6 Re4 60. Kd3 Rh4 61. b5 Rh3+ 62. Kd2 Bc4 63. Kc2 Bxb5 64. Nxb5 Rh2+ 65. Kc3 Rh3+ 66. Kc4 Rh4+ 67. Nd4 Rh5 68. Nf5 Rh1 69. Kd5 Rd1+ 70. Nd4 Rc1 71. Nb3 Rd1+ 72. Kc5 Kc7 73. Nd4 Kd7 74. Rf7+ Ke8 75. Ra7 Kf8 76. Kd5 Re1 77. Nf5 Re2 78. Kd6 Re1 79. Nd4 Rd1 80. Ke5 Re1+ 81. Kf6 Rf1+ 82. Nf5 Ke8 83. Rh7 Kd8 84. Ke5 Re1+ 85. Kd5 Kc8 86. Nd6+ Kb8 87. Rb7+ Ka8 88. Rb2 Rd1+ 89. Kc6 Rc1+ 90. Kd7 Ka7 91. Ne4 Rd1+ 92. Kc6 Rc1+ 93. Nc5 Ka8 94. Rb5 Ra1 95. Kc7 Ka7 96. Rb6 Ra5 97. Kc6 Ka8 98. Ne6 Ka7 99. Rb7+ 1-0

[Event "Hungarian Rapid-ch 2022"]
[Site "Ajka"]
[Date "2022.07.16"]
[Round "8.12"]
[White "Csiszar, Csaba"]
[Black "Kelemen, David"]
[Result "1-0"]
[ECO "A48"]
[WhiteElo "2389"]
[BlackElo "2136"]
[Annotator "ChessBase"]
[PlyCount "59"]
[EventDate "2022.07.15"]
[EventType "swiss"]
[EventCountry "HUN"]
[SourceTitle "playchess.com"]
[Source "ChessBase"]
[SourceQuality "1"]
[TimeControl "900+10"]

1. d4 Nf6 2. Nf3 g6 3. c4 Bg7 4. Nc3 O-O 5. Bf4 d6 6. e3 Nbd7 7. Be2 c6 8. O-O Re8 9. h3 h6 10. Rc1 Nh7 11. d5 c5 12. e4 b5 13. cxb5 a6 14. a4 axb5 15. axb5 Nb6 16. Qd2 g5 17. Bh2 Bb7 18. Rfe1 Nf6 19. Bd3 Nfd7 20. Bg3 c4 21. Bc2 Nc5 22. Nd4 Nba4 23. Rb1 Nxc3 24. Qxc3 Qb6 25. Qxc4 Rec8 26. Nc6 Bxc6 27. bxc6 Bxb2 28. e5 Qa5 29. exd6 exd6 30. Bxd6 1-0

[Event "Hungarian Rapid-ch 2022"]
[Site "Ajka"]
[Date "2022.07.16"]
[Round "8.13"]
[White "Leviczky, Tibor"]
[Black "Horvath, Kristof"]
[Result "1-0"]
[ECO "D41"]
[WhiteElo "2281"]
[BlackElo "2053"]
[Annotator "ChessBase"]
[PlyCount "95"]
[EventDate "2022.07.15"]
[EventType "swiss"]
[EventCountry "HUN"]
[SourceTitle "playchess.com"]
[Source "ChessBase"]
[SourceQuality "1"]
[TimeControl "900+10"]

1. Nf3 d5 2. d4 Nf6 3. c4 e6 4. Nc3 c5 5. cxd5 exd5 6. g3 c4 7. Bg2 Bb4 8. O-O Bxc3 9. bxc3 O-O 10. Bg5 h6 11. Bxf6 Qxf6 12. Nd2 Be6 13. Rb1 Nd7 14. e4 Nb6 15. a4 dxe4 16. Nxe4 Qg6 17. Nc5 Bd5 18. Bxd5 Nxd5 19. Qf3 Rfd8 20. Rxb7 Qf6 21. Qxf6 gxf6 22. Rc1 f5 23. a5 a6 24. Na4 f4 25. Kg2 fxg3 26. hxg3 Re8 27. Rh1 Re6 28. Nb6 Nxb6 29. axb6 Kg7 30. Ra1 a5 31. Ra4 Rc6 32. Kf3 Ra6 33. Rc7 Rf6+ 34. Ke4 Raxb6 35. d5 Rxf2 36. Raxc4 Re2+ 37. Kd3 Rbb2 38. Rf4 Rbd2+ 39. Kc4 a4 40. Ra7 Kg6 41. Rxa4 f5 42. Ra8 Re4+ 43. Kc5 Re3 44. c4 Kf6 45. Rf8+ Ke7 46. R8xf5 Rxg3 47. Rf7+ Ke8 48. Rf8+ 1-0

[Event "Hungarian Rapid-ch 2022"]
[Site "Ajka"]
[Date "2022.07.16"]
[Round "8.14"]
[White "Kaczur, Florian"]
[Black "Pap, Peter"]
[Result "1-0"]
[ECO "D11"]
[WhiteElo "2482"]
[BlackElo "2159"]
[Annotator "ChessBase"]
[PlyCount "49"]
[EventDate "2022.07.15"]
[EventType "swiss"]
[EventCountry "HUN"]
[SourceTitle "playchess.com"]
[Source "ChessBase"]
[SourceQuality "1"]
[TimeControl "900+10"]

1. d4 d5 2. Nf3 Nf6 3. c4 c6 4. e3 e6 5. Bd3 Nbd7 6. O-O Bd6 7. Nc3 O-O 8. b3 e5 9. cxd5 cxd5 10. dxe5 Nxe5 11. Ne2 Nxf3+ 12. gxf3 Bh3 13. Re1 Rc8 14. Ng3 Be5 15. Rb1 Bc3 16. Bd2 d4 17. e4 Nd7 18. f4 Qh4 19. Rc1 Bg4 20. Be2 Nf6 21. f3 Bh3 22. Kh1 Rc5 23. Rg1 Nh5 24. Bxc3 dxc3 25. Qd4 1-0

[Event "Hungarian Rapid-ch 2022"]
[Site "Ajka"]
[Date "2022.07.16"]
[Round "8.15"]
[White "Hardicsay, Peter"]
[Black "Kantor, Gergely"]
[Result "1/2-1/2"]
[ECO "A05"]
[WhiteElo "2199"]
[BlackElo "2582"]
[Annotator "ChessBase"]
[PlyCount "62"]
[EventDate "2022.07.15"]
[EventType "swiss"]
[EventCountry "HUN"]
[SourceTitle "playchess.com"]
[Source "ChessBase"]
[SourceQuality "1"]
[TimeControl "900+10"]

1. Nf3 Nf6 2. g3 b5 3. Bg2 Bb7 4. b3 g6 5. Bb2 Bg7 6. Na3 b4 7. Nc4 a5 8. a3 c5 9. O-O d5 10. Nce5 O-O 11. axb4 axb4 12. Rxa8 Bxa8 13. c3 bxc3 14. dxc3 Qb6 15. Qc2 Na6 16. Ra1 Rb8 17. Nd2 Nc7 18. c4 d4 19. Bxa8 Rxa8 20. Rxa8+ Nxa8 21. Ba3 Nc7 22. Nd3 Na6 23. Qb2 Nd7 24. b4 cxb4 25. Bxb4 e5 26. Qa3 f5 27. Qa4 Nab8 28. Qb5 Qe6 29. Nc5 Qc6 30. Nxd7 Qxb5 31. cxb5 Nxd7 1/2-1/2

[Event "Hungarian Rapid-ch 2022"]
[Site "Ajka"]
[Date "2022.07.16"]
[Round "8.16"]
[White "Gelle, Istvan"]
[Black "Mihok, Oliver"]
[Result "0-1"]
[ECO "A45"]
[WhiteElo "2218"]
[BlackElo "2549"]
[Annotator "ChessBase"]
[PlyCount "102"]
[EventDate "2022.07.15"]
[EventType "swiss"]
[EventCountry "HUN"]
[SourceTitle "playchess.com"]
[Source "ChessBase"]
[SourceQuality "1"]
[TimeControl "900+10"]

1. d4 Nf6 2. Bf4 g6 3. e3 Bg7 4. Nf3 O-O 5. h3 d6 6. Be2 c5 7. O-O Nbd7 8. Nbd2 b6 9. a4 a6 10. Re1 Bb7 11. Bh2 Ra7 12. c4 Qa8 13. Bf1 Ne4 14. d5 Nxd2 15. Qxd2 b5 16. e4 bxc4 17. Bxc4 Qb8 18. Ra2 a5 19. Qd3 Nb6 20. Bb5 c4 21. Qd2 Ba6 22. Qxa5 Nxd5 23. exd5 Bxb5 24. Qb4 Ba6 25. Qa3 Qb3 26. Qxb3 cxb3 27. Ra3 Bc4 28. Nd2 Bxd5 29. Nxb3 Bxb2 30. Ra2 Bf6 31. Ra3 Bb2 32. Ra2 Bf6 33. Ra3 Rb8 34. Nc5 Rb4 35. Rd3 Bc4 36. Rxd6 exd6 37. Re8+ Kg7 38. Bxd6 Rb1+ 39. Kh2 h5 40. Ne4 g5 41. Bf8+ Kg6 42. Bc5 Ra6 43. g4 hxg4 44. hxg4 Re6 45. Nxf6 Rxf6 46. Bd4 Rd1 47. Rd8 Rxf2+ 48. Kg3 Rxd4 49. Rxd4 Rc2 50. a5 Be6 51. Ra4 Ra2 0-1

[Event "Hungarian Rapid-ch 2022"]
[Site "Ajka"]
[Date "2022.07.16"]
[Round "8.17"]
[White "Gombocz, Ferenc Jr."]
[Black "Papp, Levente"]
[Result "1/2-1/2"]
[ECO "A20"]
[WhiteElo "2229"]
[BlackElo "2394"]
[Annotator "ChessBase"]
[PlyCount "74"]
[EventDate "2022.07.15"]
[EventType "swiss"]
[EventCountry "HUN"]
[SourceTitle "playchess.com"]
[Source "ChessBase"]
[SourceQuality "1"]
[TimeControl "900+10"]

1. c4 e5 2. g3 Nf6 3. Bg2 c6 4. Nf3 e4 5. Nd4 Qb6 6. Nb3 a5 7. d3 a4 8. N3d2 Bc5 9. e3 exd3 10. Ne4 Nxe4 11. Bxe4 Qb4+ 12. Nd2 d5 13. Bxd3 Nd7 14. a3 Qa5 15. O-O Ne5 16. Be2 dxc4 17. Nxc4 Qc7 18. b4 axb3 19. Bb2 Nxc4 20. Bxc4 O-O 21. Qxb3 Be7 22. e4 b5 23. Qc3 Bf6 24. e5 Bxe5 25. Qxe5 Qxe5 26. Bxf7+ Rxf7 27. Bxe5 Rf3 28. Bd6 Be6 29. Rfe1 Kf7 30. Rac1 Rc8 31. Re5 Rd3 32. Bb4 Rd7 33. Rce1 Re8 34. f4 g6 35. Kf2 Rd5 36. Rxd5 Bxd5 37. Rxe8 Kxe8 1/2-1/2

[Event "Hungarian Rapid-ch 2022"]
[Site "Ajka"]
[Date "2022.07.16"]
[Round "8.18"]
[White "Hoang, Thanh Trang"]
[Black "Balint, Vilmos"]
[Result "1-0"]
[ECO "A40"]
[WhiteElo "2376"]
[BlackElo "2283"]
[Annotator "ChessBase"]
[PlyCount "149"]
[EventDate "2022.07.15"]
[EventType "swiss"]
[EventCountry "HUN"]
[SourceTitle "playchess.com"]
[Source "ChessBase"]
[SourceQuality "1"]
[TimeControl "900+10"]

1. d4 e6 2. Nf3 b6 3. e4 Bb7 4. Bd3 c5 5. c3 Nf6 6. Qe2 Nc6 7. a3 Na5 8. Nbd2 cxd4 9. cxd4 d5 10. e5 Ne4 11. Nxe4 dxe4 12. Bxe4 Qd7 13. Bxb7 Qxb7 14. O-O Be7 15. b4 Nc6 16. Bb2 O-O 17. Rac1 Rfd8 18. Rc2 Rac8 19. Qe4 Rd5 20. Rfc1 a6 21. Rc3 Na7 22. Rxc8+ Nxc8 23. Qc2 Na7 24. Qc7 Rd7 25. Qxb7 Rxb7 26. Kf1 Kf8 27. Ke2 Ke8 28. Rc2 Kd7 29. Nd2 a5 30. bxa5 bxa5 31. a4 Nc6 32. Nc4 Rb4 33. Kd3 Bd8 34. Bc3 Rxa4 35. Rb2 Nb4+ 36. Bxb4 axb4 37. Kc2 Kc6 38. Kb3 Ra1 39. Kxb4 Kd5 40. Kc3 Rc1+ 41. Kd3 Rd1+ 42. Rd2 Ra1 43. Ne3+ Kc6 44. Rc2+ Kd7 45. Ke4 f5+ 46. exf6 gxf6 47. g4 Rh1 48. f4 Bc7 49. d5 Bd6 50. dxe6+ Kxe6 51. Rc6 Kd7 52. Rc2 Ke6 53. Ra2 Bc5 54. Ra6+ Kf7 55. Nd5 Rxh2 56. Rxf6+ Kg7 57. Rc6 Ba3 58. Kf5 Rd2 59. Rc7+ Kf8 60. Nf6 h6 61. Kg6 Be7 62. Rc8+ Bd8 63. Kxh6 Kf7 64. Nh5 Be7 65. g5 Bf8+ 66. Kh7 Rg2 67. Rc7+ Ke6 68. Kg6 Bd6 69. f5+ Ke5 70. Ra7 Bc5 71. Ra5 Kd6 72. f6 Bb4 73. Ra6+ Kc7 74. f7 Kb7 75. Rf6 1-0

[Event "Hungarian Rapid-ch 2022"]
[Site "Ajka"]
[Date "2022.07.16"]
[Round "8.19"]
[White "Benedek, Istvan"]
[Black "Straubinger, Daniel"]
[Result "0-1"]
[ECO "B12"]
[WhiteElo "2059"]
[BlackElo "2349"]
[Annotator "ChessBase"]
[PlyCount "80"]
[EventDate "2022.07.15"]
[EventType "swiss"]
[EventCountry "HUN"]
[SourceTitle "playchess.com"]
[Source "ChessBase"]
[SourceQuality "1"]
[TimeControl "900+10"]

1. e4 c6 2. d4 d5 3. f3 g6 4. Nc3 Bg7 5. Be3 Nf6 6. e5 Nfd7 7. Qd2 h5 8. Bd3 Nf8 9. f4 Bf5 10. Nf3 Nbd7 11. O-O Qc7 12. Na4 Nb6 13. Nc5 Nc4 14. Bxc4 dxc4 15. Qc3 b6 16. Na4 Nd7 17. b3 b5 18. Nb2 cxb3 19. cxb3 Nb6 20. Qc5 O-O 21. Rac1 Rfc8 22. Nh4 Be4 23. f5 Nd5 24. Bd2 e6 25. fxe6 Bf8 26. Rxf7 Bxc5 27. Rxc5 Qd8 28. g3 Nc7 29. Rd7 Qe8 30. Bg5 Nxe6 31. Re7 Nxg5 32. Rxe8+ Rxe8 33. Nd1 Nh3+ 34. Kf1 Rad8 35. Nc3 Bd3+ 36. Kg2 Ng5 37. Rxc6 b4 38. Nf3 Nxf3 39. Kxf3 bxc3 40. Ke3 Rc8 0-1

[Event "Hungarian Rapid-ch 2022"]
[Site "Ajka"]
[Date "2022.07.16"]
[Round "8.20"]
[White "Emodi, Barnabas"]
[Black "Mozes, Ervin"]
[Result "1/2-1/2"]
[ECO "A05"]
[WhiteElo "2341"]
[BlackElo "2039"]
[Annotator "ChessBase"]
[PlyCount "29"]
[EventDate "2022.07.15"]
[EventType "swiss"]
[EventCountry "HUN"]
[SourceTitle "playchess.com"]
[Source "ChessBase"]
[SourceQuality "1"]
[TimeControl "900+10"]

1. Nf3 Nf6 2. d4 d6 3. c3 c6 4. Bg5 Nbd7 5. Nbd2 h6 6. Bh4 d5 7. e3 e6 8. Bd3 Be7 9. O-O a5 10. a4 b6 11. Qe2 O-O 12. e4 dxe4 13. Nxe4 Nd5 14. Bxe7 Qxe7 15. g3 1/2-1/2

[Event "Hungarian Rapid-ch 2022"]
[Site "Ajka"]
[Date "2022.07.16"]
[Round "8.21"]
[White "Bodi, Tibor"]
[Black "Mihok-Juhasz, Barbara"]
[Result "1/2-1/2"]
[ECO "A00"]
[WhiteElo "2301"]
[BlackElo "2221"]
[Annotator "ChessBase"]
[PlyCount "127"]
[EventDate "2022.07.15"]
[EventType "swiss"]
[EventCountry "HUN"]
[SourceTitle "playchess.com"]
[Source "ChessBase"]
[SourceQuality "1"]
[TimeControl "900+10"]

1. Nc3 d5 2. e4 d4 3. Nce2 e5 4. Ng3 Nf6 5. Nf3 Bd6 6. Bc4 O-O 7. d3 Be6 8. Bb3 a5 9. c3 c5 10. O-O Nc6 11. Bxe6 fxe6 12. Qb3 Qd7 13. a4 Kh8 14. Nd2 Rf7 15. Nc4 Raf8 16. f3 Ng8 17. Qb5 Qc7 18. Qb6 Qxb6 19. Nxb6 Bc7 20. Nc4 Nge7 21. Ra3 b6 22. Rb3 Nc8 23. Kf2 Rd7 24. Ke2 h6 25. Nh1 N6e7 26. Nf2 Ng6 27. g3 Rdf7 28. Nd1 Kh7 29. Bd2 Nge7 30. Ra3 Nc6 31. Ra1 g5 32. h3 Kg6 33. Rf2 Nd6 34. Na3 Bb8 35. Nc2 c4 36. cxd4 cxd3+ 37. Kxd3 Rxf3+ 38. Rxf3 Rxf3+ 39. Ke2 Rxg3 40. d5 exd5 41. exd5 Nd4+ 42. Nxd4 exd4 43. Nf2 Nb7 44. b4 axb4 45. Bxb4 Bf4 46. Rb1 Kf5 47. Bf8 Re3+ 48. Kf1 Nc5 49. Bg7 Nxa4 50. Bxd4 Re8 51. Rb4 Ra8 52. Kg2 Bd6 53. Rb5 Ra5 54. Rb3 Rxd5 55. Bxb6 Nxb6 56. Rxb6 h5 57. Rb3 Rd2 58. Rd3 Rxd3 59. Nxd3 Ke4 60. Ne1 Bf4 61. Nf3 Ke3 62. Nxg5 Bxg5 63. h4 Bxh4 64. Kh1 1/2-1/2

[Event "Hungarian Rapid-ch 2022"]
[Site "Ajka"]
[Date "2022.07.16"]
[Round "8.22"]
[White "Giang, Tran Nam"]
[Black "Kiss, Pal"]
[Result "1-0"]
[ECO "B34"]
[WhiteElo "2144"]
[BlackElo "2243"]
[Annotator "ChessBase"]
[PlyCount "74"]
[EventDate "2022.07.15"]
[EventType "swiss"]
[EventCountry "HUN"]
[SourceTitle "playchess.com"]
[Source "ChessBase"]
[SourceQuality "1"]
[TimeControl "900+10"]

1. e4 c5 2. Nf3 Nc6 3. d4 cxd4 4. Nxd4 Nf6 5. Nc3 e5 6. Ndb5 h6 7. Nd6+ Bxd6 8. Qxd6 Qe7 9. Qd1 O-O 10. Bc4 d6 11. O-O Be6 12. Nd5 Bxd5 13. Bxd5 Nb4 14. Be3 Rfc8 15. c3 Nbxd5 16. exd5 b6 17. Qd3 Qc7 18. Rfd1 Qc4 19. f3 Qxd3 20. Rxd3 Nd7 21. Kf2 f6 22. h4 h5 23. Ke2 Kf7 24. Rc1 b5 25. b3 a5 26. c4 b4 27. Rd2 a4 28. Rb2 axb3 29. axb3 Nc5 30. Bxc5 Rxc5 31. Kd3 g6 32. Rg1 Rca5 33. Kc2 Ra1 34. Rxa1 Rxa1 35. Rb1 Ra2+ 36. Rb2 Ra1 37. Rb1 Ra2+ 1-0

[Event "Hungarian Rapid-ch 2022"]
[Site "Ajka"]
[Date "2022.07.16"]
[Round "8.23"]
[White "Margl, Roland"]
[Black "Tancsa, Tamas"]
[Result "1/2-1/2"]
[ECO "E62"]
[WhiteElo "2312"]
[BlackElo "2103"]
[Annotator "ChessBase"]
[PlyCount "91"]
[EventDate "2022.07.15"]
[EventType "swiss"]
[EventCountry "HUN"]
[SourceTitle "playchess.com"]
[Source "ChessBase"]
[SourceQuality "1"]
[TimeControl "900+10"]

1. Nf3 Nf6 2. c4 g6 3. d4 Bg7 4. g3 O-O 5. Bg2 d6 6. O-O Nc6 7. Nc3 e5 8. dxe5 dxe5 9. Bg5 Be6 10. Qa4 Qb8 11. Nd2 Nd7 12. Bxc6 bxc6 13. Qxc6 Qxb2 14. Nd5 e4 15. Rab1 Qxa2 16. Nxc7 Rac8 17. Rb7 Bh3 18. Rc1 Rfe8 19. Qa6 Qxa6 20. Nxa6 Bd4 21. Nb3 Nc5 22. Naxc5 Bxc5 23. Nxc5 Rxc5 24. Be3 Rc6 25. Rxa7 Rb8 26. Ra2 Be6 27. Rac2 f5 28. Kg2 Kf7 29. c5 Kf6 30. h4 Rb4 31. Ra1 Rc4 32. Rb2 R4xc5 33. Bxc5 Rxc5 34. Rb6 Ke5 35. Ra7 Bc4 36. Rb2 h6 37. Rc2 e3 38. f3 g5 39. hxg5 hxg5 40. Re7+ Kd4 41. Rd7+ Ke5 42. Kf1 g4 43. Re7+ Kf6 44. Rxe3 gxf3 45. Rxf3 Ke5 46. Rf4 1/2-1/2

[Event "Hungarian Rapid-ch 2022"]
[Site "Ajka"]
[Date "2022.07.16"]
[Round "8.24"]
[White "Meszaros, Tamas"]
[Black "Miszler, Levente"]
[Result "1/2-1/2"]
[ECO "A08"]
[WhiteElo "2368"]
[BlackElo "2243"]
[Annotator "ChessBase"]
[PlyCount "98"]
[EventDate "2022.07.15"]
[EventType "swiss"]
[EventCountry "HUN"]
[SourceTitle "playchess.com"]
[Source "ChessBase"]
[SourceQuality "1"]
[TimeControl "900+10"]

1. e4 e6 2. d3 d5 3. Nd2 Nf6 4. Ngf3 c5 5. g3 Nc6 6. Bg2 Be7 7. O-O O-O 8. Re1 b5 9. exd5 exd5 10. a4 b4 11. d4 a5 12. dxc5 Bxc5 13. Nb3 Bb6 14. Bg5 Bg4 15. h3 Bh5 16. Bxf6 gxf6 17. Qd2 Rc8 18. Nh4 Ne7 19. Nd4 Bg6 20. Rad1 Qd6 21. Nxg6 hxg6 22. Re2 Rfe8 23. h4 Rc4 24. Qe3 Kg7 25. b3 Rc3 26. Qd2 Qc5 27. Re3 Rc8 28. Qe1 Rxe3 29. Qxe3 Nc6 30. Nxc6 Qxe3 31. fxe3 Bxe3+ 32. Kf1 Rxc6 33. Bxd5 Rxc2 34. Bc4 Rf2+ 35. Ke1 Rg2 36. Rd7 Rxg3 37. Rxf7+ Kh6 38. Rxf6 Rg4 39. h5 Bd4 40. Rd6 Bc3+ 41. Kd1 Rg1+ 42. Ke2 Kxh5 43. Rd5+ Rg5 44. Kf3 Rxd5 45. Bxd5 Kh4 46. Be4 g5 47. Bf5 Bd2 48. Bg4 Bc3 49. Bf5 Bd2 1/2-1/2

[Event "Hungarian Rapid-ch 2022"]
[Site "Ajka"]
[Date "2022.07.16"]
[Round "8.25"]
[White "Lizak, Peter"]
[Black "Nagy, Kristof"]
[Result "1-0"]
[ECO "D00"]
[WhiteElo "2400"]
[BlackElo "2162"]
[Annotator "ChessBase"]
[PlyCount "115"]
[EventDate "2022.07.15"]
[EventType "swiss"]
[EventCountry "HUN"]
[SourceTitle "playchess.com"]
[Source "ChessBase"]
[SourceQuality "1"]
[TimeControl "900+10"]

1. d4 d5 2. Nc3 Nf6 3. Bf4 e6 4. Nb5 Na6 5. a3 Bd7 6. e3 Be7 7. Nf3 O-O 8. c4 c5 9. Nc3 cxd4 10. Nxd4 dxc4 11. Bxc4 Nc5 12. O-O a6 13. b4 Nce4 14. Nxe4 Nxe4 15. Bd3 Nf6 16. Qf3 Qb6 17. Be5 Rfc8 18. Rfd1 a5 19. bxa5 Qxa5 20. Bxf6 Bxf6 21. Qxb7 Ba4 22. Rdc1 Rcb8 23. Qe4 g6 24. h4 Rd8 25. Bc4 Qe5 26. Qg4 h5 27. Qf3 Bxh4 28. Rab1 Qf6 29. Qe2 Be8 30. Nf3 Rxa3 31. Bb5 Bg5 32. Bxe8 Rxe8 33. Qb5 Rea8 34. Qxg5 Qxg5 35. Nxg5 R8a7 36. Rc4 R3a5 37. Nf3 Kg7 38. Rcb4 Ra1 39. Rxa1 Rxa1+ 40. Kh2 Ra7 41. g3 Rc7 42. Kg2 Ra7 43. Nd4 Rc7 44. e4 Kf6 45. Rb5 Rd7 46. e5+ Kg7 47. Nf3 Ra7 48. Ng5 Kh6 49. f4 Kg7 50. Kh3 Rc7 51. Rb8 Ra7 52. Re8 Rb7 53. Ne4 Ra7 54. Rb8 Rc7 55. Nd6 Ra7 56. Rb7 Rxb7 57. Nxb7 f6 58. Nd8 1-0

[Event "Hungarian Rapid-ch 2022"]
[Site "Ajka"]
[Date "2022.07.16"]
[Round "8.26"]
[White "Kassay, Krisztian"]
[Black "Lazarne Vajda, Szidonia"]
[Result "0-1"]
[ECO "D02"]
[WhiteElo "2157"]
[BlackElo "2313"]
[Annotator "ChessBase"]
[PlyCount "124"]
[EventDate "2022.07.15"]
[EventType "swiss"]
[EventCountry "HUN"]
[SourceTitle "playchess.com"]
[Source "ChessBase"]
[SourceQuality "1"]
[TimeControl "900+10"]

1. d4 d5 2. Bf4 Nf6 3. Nf3 e6 4. e3 c5 5. c3 Bd6 6. Bg3 Qc7 7. Nbd2 Nbd7 8. Bd3 O-O 9. O-O Bxg3 10. hxg3 e5 11. dxe5 Nxe5 12. Nxe5 Qxe5 13. Nf3 Qe7 14. Qc2 g6 15. Rad1 Bg4 16. Be2 Rad8 17. Ng5 Bxe2 18. Qxe2 Rd6 19. Rd3 Rfd8 20. Qf3 Ne4 21. Nh3 Ng5 22. Nxg5 Qxg5 23. Rfd1 b5 24. b3 Qe5 25. Qg4 h5 26. Qh4 c4 27. Rd4 cxb3 28. axb3 Rc8 29. R1d3 Kg7 30. Qf4 Qxf4 31. gxf4 Rdc6 32. Rxd5 a6 33. c4 bxc4 34. bxc4 Rxc4 35. Ra5 Rc1+ 36. Kh2 R8c2 37. e4 Rxf2 38. f5 g5 39. Rxa6 Rcc2 40. Rg3 g4 41. Rb6 Rce2 42. Rb4 Rf4 43. Ra3 h4 44. Ra1 Rfxe4 45. Rxe4 Rxe4 46. Kg1 Kf6 47. Ra5 Re5 48. Ra4 Kxf5 49. Kf2 Rb5 50. Rc4 Kg5 51. Ra4 f5 52. Rc4 Rb2+ 53. Kg1 g3 54. Rc1 Kg4 55. Ra1 f4 56. Rc1 h3 57. gxh3+ Kxh3 58. Rf1 Kg4 59. Ra1 f3 60. Rc1 Rg2+ 61. Kh1 Rh2+ 62. Kg1 f2+ 0-1

[Event "Hungarian Rapid-ch 2022"]
[Site "Ajka"]
[Date "2022.07.16"]
[Round "8.27"]
[White "Lakos, Nikoletta"]
[Black "Tubak, Daniel"]
[Result "1-0"]
[ECO "C54"]
[WhiteElo "2203"]
[BlackElo "2182"]
[Annotator "ChessBase"]
[PlyCount "99"]
[EventDate "2022.07.15"]
[EventType "swiss"]
[EventCountry "HUN"]
[SourceTitle "playchess.com"]
[Source "ChessBase"]
[SourceQuality "1"]
[TimeControl "900+10"]

1. e4 e5 2. Nf3 Nc6 3. Bc4 Bc5 4. c3 Nf6 5. d3 d6 6. Nbd2 a6 7. Bb3 O-O 8. Nf1 Be6 9. Ng3 h6 10. O-O Ba7 11. h3 Ne7 12. Nh4 d5 13. Qf3 dxe4 14. dxe4 Bxb3 15. axb3 Ng6 16. Nhf5 Nd7 17. Rd1 Qe8 18. Nxg7 Kxg7 19. Nh5+ Kh8 20. Rxd7 f5 21. Rd2 Nh4 22. Qg3 Qxh5 23. Qxe5+ Kh7 24. Rd7+ Rf7 25. Qxc7 Qd1+ 26. Rxd1 Rxc7 27. Rd6 Rc6 28. Rd7+ Kg6 29. exf5+ Nxf5 30. Rxb7 Rf6 31. Bf4 Nh4 32. g3 Nf3+ 33. Kg2 Ng5 34. Rf1 Ne4 35. Re7 Ng5 36. Be5 Re6 37. Rxe6+ Nxe6 38. f4 Nc5 39. Rd1 a5 40. Rd6+ Kh7 41. Bd4 Rc8 42. b4 axb4 43. cxb4 Bb8 44. bxc5 Bxd6 45. cxd6 Rd8 46. Be5 Kg6 47. g4 Rb8 48. Kf3 h5 49. Ke4 hxg4 50. hxg4 1-0

[Event "Hungarian Rapid-ch 2022"]
[Site "Ajka"]
[Date "2022.07.16"]
[Round "8.28"]
[White "Boguszlavszkij, Jevgenyij"]
[Black "Martini, Balazs"]
[Result "1/2-1/2"]
[ECO "A45"]
[WhiteElo "1914"]
[BlackElo "2348"]
[Annotator "ChessBase"]
[PlyCount "116"]
[EventDate "2022.07.15"]
[EventType "swiss"]
[EventCountry "HUN"]
[SourceTitle "playchess.com"]
[Source "ChessBase"]
[SourceQuality "1"]
[TimeControl "900+10"]

1. d4 Nf6 2. Bf4 c5 3. c3 e6 4. e3 b6 5. Nd2 Be7 6. Bd3 Bb7 7. Ngf3 O-O 8. O-O Nh5 9. Bg3 d6 10. Re1 Nd7 11. Nf1 Rc8 12. e4 Nxg3 13. Nxg3 Re8 14. e5 Qc7 15. Qe2 Bxf3 16. Qxf3 dxe5 17. dxe5 Nxe5 18. Bxh7+ Kxh7 19. Qh5+ Kg8 20. Rxe5 Bf6 21. Re3 g6 22. Qf3 Bg7 23. Ne4 Qe5 24. Rae1 Rcd8 25. Ng3 Qf6 26. Qe2 Rd5 27. Ne4 Qe7 28. Qc4 Red8 29. h3 Qb7 30. h4 Rd1 31. Ng5 Qd5 32. Qf4 e5 33. Qf3 Qxf3 34. Nxf3 f6 35. Kf1 R1d5 36. Ke2 c4 37. Kf1 Kf7 38. g3 Bh6 39. Re4 b5 40. g4 Bd2 41. R1e2 Bf4 42. g5 a6 43. gxf6 Kxf6 44. Nd4 R8d6 45. Kg2 Bc1 46. Nf3 Bf4 47. Nh2 Kf5 48. Nf1 Rd3 49. Ng3+ Bxg3 50. fxg3 R6d5 51. g4+ Ke6 52. Rf2 Rd2 53. Ree2 Rxe2 54. Rxe2 Rd3 55. Kg1 Kd5 56. h5 gxh5 57. gxh5 Rg3+ 58. Kh1 Rg7 1/2-1/2